Map: Pillars of Gold LE

Players

DnS

  • Race: Protoss Protoss
  • Spawn Location: 7:00

Lambo - Winner!

  • Race: Zerg Zerg
  • League: Master
  • Spawn Location: 1:00

Event: DreamHack SC2 Masters 2020 Winter

VOD

Have the link to the VOD?

Description

Time

  • Played on: Oct. 23, 2020, 12:39 p.m.
  • Length: 10:19

All games in this series

Show
View Real Time Build Order
Export as new Build Order

DnS Protoss 

Build Orders: 1 Gate Expand, Mass Adepts 

Get SALT Encoding   

  12  0:00  Probe  
  13  0:12  Probe  
  14  0:19  Pylon  
  14  0:24  Probe  
  15  0:37  Probe (Chrono Boost)  
  15  0:42  Gateway  
  16  0:48  Probe (Chrono Boost)  
  17  0:51  Assimilator  
  17  0:52  Probe (Chrono Boost)  
  18  1:04  Probe  
  19  1:16  Probe  
  20  1:28  Nexus  
  20  1:38  Cybernetics Core  
  20  1:41  Probe  
  21  1:48  Assimilator  
  21  1:53  Probe  
  22  1:58  Pylon  
  22  2:05  Probe (Chrono Boost)  
  23  2:14  Adept (Chrono Boost)  
  23  2:15  Warp Gate  
  23  2:17  Probe (Chrono Boost)  
  26  2:26  Probe (Chrono Boost)  
  27  2:31  Probe  
  27  2:35  Stalker (Chrono Boost)  
  30  2:40  Probe  
  30  2:44  Twilight Council, Probe  
  32  2:52  Probe  
  32  2:56  Probe  
  34  3:04  Robotics Facility, Probe  
  35  3:08  Probe  
  36  3:16  Gateway, Probe  
  36  3:19  Adept  
  39  3:20  Resonating Glaives (Chrono Boost)  
  39  3:21  Probe  
  40  3:32  Probe  
  41  3:37  Gateway  
  41  3:39  Gateway  
  41  3:46  Pylon  
  41  3:48  Warp Prism (Chrono Boost)  
  42  3:55  Probe  
  44  3:57  Assimilator  
  44  3:59  Probe  
  45  4:03  Pylon  
  45  4:04  Adept  
  45  4:09  Probe  
  48  4:10  Adept  
  48  4:15  Pylon  
  48  4:16  Probe  
  51  4:17  Observer  
  52  4:30  Adept x2  
  52  4:31  Adept  
  58  4:32  Adept  
  58  4:35  Pylon  
  58  4:38  Probe x2  
  62  4:51  Pylon, Adept  
  62  4:52  Adept x2  
  68  4:53  Adept  
  68  4:56  Assimilator  
  68  4:59  Probe x2  
  72  5:16  Immortal  
  72  5:17  Probe x2  
  76  5:29  Probe  
  76  5:33  Probe  
  78  5:41  Sentry x4  
  82  5:51  Nexus  
  82  5:52  Pylon  
  82  5:53  Probe x2  
  82  5:55  Pylon  
  84  5:59  Pylon  
  84  6:02  Forge  
  88  6:11  Immortal (Chrono Boost)  
  88  6:16  Blink  
  88  6:24  Probe  
  89  6:26  Robotics Bay, Probe  
  89  6:30  Pylon  
  90  6:35  Protoss Ground Weapons Level 1, Immortal (Chrono Boost)  
  90  6:37  Probe (Chrono Boost)  
  90  6:38  Probe (Chrono Boost)  
  97  6:48  Probe (Chrono Boost)  
  97  6:50  Probe (Chrono Boost)  
  97  6:51  Gateway  
  97  6:52  Gateway  
  97  6:54  Probe (Chrono Boost)  
  98  6:56  Probe (Chrono Boost)  
  100  7:03  Probe  
  100  7:08  Probe  
  102  7:12  Probe  
  102  7:13  Colossus (Chrono Boost)  
  103  7:17  Probe  
  103  7:20  Pylon, Probe  
  111  7:24  Extended Thermal Lance (Chrono Boost)  
  111  7:26  Probe  
  112  7:32  Stalker x3  
  112  7:33  Assimilator  
  112  7:35  Probe  
  119  7:37  Gateway  
  119  7:39  Gateway  
  119  7:43  Pylon, Probe  
  120  7:47  Stalker  
  122  7:55  Assimilator, Probe x3  
  122  7:57  Pylon  
  124  8:00  Photon Cannon  
  124  8:05  Sentry  
  124  8:06  Stalker x3  
  124  8:08  Colossus (Chrono Boost)  
  138  8:16  Phoenix  
  138  8:21  Pylon  
  138  8:23  Stalker x2, Pylon  
  142  8:29  Stalker x2  
  146  8:44  Stalker x4  
  146  8:47  Shield Battery  
  154  8:49  Stalker x2  
  158  8:58  Stalker x2  
  128  9:10  Stalker x3  
  128  9:15  Stalker x2  
  106  9:18  Stalker  
  106  9:22  Stalker  
  96  9:27  Stalker  
  86  9:36  Stalker x3  
  88  9:41  Stalker  
  88  9:42  Stalker  
  92  9:47  Stalker x2  
  96  9:54  Stalker  
  96  9:59  Stalker x3  
  98  10:09  Stalker x2  
  79  10:16  Stalker x2  
Show
View Real Time Build Order
Export as new Build Order

Lambo Zerg - Winner!

Build Orders: Hatch First 

Get SALT Encoding   

  12  0:00  Drone  
  13  0:12  Overlord  
  13  0:17  Drone  
  14  0:31  Drone x2  
  16  0:43  Drone  
  17  0:53  Hatchery  
  17  0:56  Drone  
  17  1:01  Drone  
  18  1:09  Extractor  
  17  1:16  Spawning Pool  
  16  1:18  Drone  
  16  1:22  Drone  
  18  1:30  Drone  
  19  1:41  Drone  
  20  1:55  Overlord  
  20  2:03  Queen  
  20  2:04  Queen  
  20  2:05  Zergling x4  
  26  2:11  Metabolic Boost  
  26  2:15  Drone  
  27  2:18  Drone  
  27  2:22  Drone  
  30  2:30  Drone  
  30  2:32  Drone  
  31  2:38  Drone  
  31  2:43  Queen  
  34  2:45  Overlord  
  34  2:58  Hatchery  
  33  3:03  Drone x2  
  33  3:05  Zergling x2  
  36  3:08  Overlord  
  36  3:11  Drone  
  37  3:14  Drone  
  37  3:17  Drone x2  
  40  3:20  Drone  
  40  3:26  Queen  
  41  3:29  Drone  
  44  3:35  Drone x3  
  44  3:40  Drone  
  48  3:41  Queen  
  48  3:45  Overlord  
  48  3:48  Drone  
  51  3:49  Drone  
  51  3:55  Roach Warren  
  51  3:57  Drone  
  52  4:06  Overlord  
  52  4:07  Drone x3  
  52  4:08  Drone  
  56  4:11  Drone x2  
  58  4:18  Overlord  
  58  4:24  Overlord  
  58  4:25  Zergling x14  
  65  4:32  Spore Crawler, Spine Crawler  
  65  4:36  Overlord  
  65  4:37  Zergling x2  
  65  4:38  Zergling x2  
  65  4:44  Roach  
  65  4:45  Roach  
  68  4:48  Roach x2  
  68  4:49  Overlord  
  68  4:51  Roach  
  74  4:55  Roach x2  
  74  4:58  Roach  
  74  4:59  Roach  
  82  5:01  Roach  
  84  5:10  Roach x2  
  84  5:13  Zergling x6  
  91  5:18  Roach, Zergling x4  
  90  5:23  Spore Crawler  
  90  5:24  Spore Crawler  
  90  5:25  Spore Crawler  
  90  5:28  Extractor  
  86  5:32  Drone x5  
  91  5:40  Drone x6  
  96  5:43  Drone x2  
  98  5:54  Drone x3  
  101  5:59  Lair  
  101  6:01  Extractor  
  101  6:02  Extractor  
  99  6:04  Drone x3  
  99  6:05  Drone  
  99  6:08  Extractor  
  102  6:16  Drone x2  
  102  6:17  Drone  
  105  6:28  Overlord  
  105  6:29  Extractor  
  105  6:30  Evolution Chamber  
  105  6:31  Overlord  
  105  6:32  Overlord  
  103  6:33  Drone  
  103  6:34  Overlord  
  104  6:40  Drone  
  104  6:41  Overlord  
  104  6:45  Baneling Nest, Hatchery  
  105  6:47  Drone x7  
  105  6:51  Drone x3  
  105  6:52  Drone x2  
  105  6:53  Drone  
  116  6:55  Zerg Missile Weapons Level 1  
  114  7:08  Glial Reconstitution  
  112  7:13  Roach x10  
  132  7:16  Ravager x3  
  132  7:17  Ravager  
  132  7:18  Overseer  
  132  7:19  Zergling x6  
  139  7:23  Zergling x2  
  139  7:26  Zergling x2  
  141  7:30  Roach  
  141  7:32  Centrifical Hooks  
  141  7:35  Zergling x4  
  141  7:37  Overlord  
  145  7:39  Overlord  
  145  7:41  Overlord  
  145  7:42  Overlord  
  145  7:47  Overlord  
  145  7:49  Overlord  
  145  7:54  Overlord  
  145  7:55  Overlord  
  145  7:56  Zergling x6  
  145  7:57  Zergling x2  
  145  7:58  Ravager x2  
  151  8:02  Roach x7  
  164  8:10  Roach  
  166  8:13  Roach x5  
  166  8:15  Roach x2  
  166  8:17  Ravager  
  181  8:21  Roach x2  
  181  8:24  Zergling x4  
  187  8:28  Roach  
  187  8:31  Queen  
  187  8:32  Zergling x8  
  195  8:35  Ravager  
  195  8:36  Ravager  
  195  8:37  Baneling x11  
  195  8:39  Zergling x2  
  195  8:40  Zergling x2  
  198  8:43  Baneling x4  
  198  8:48  Baneling x4  
  198  8:49  Zergling x4  
  198  8:54  Baneling  
  198  8:55  Baneling x3  
  194  9:05  Zergling x2  
  194  9:06  Zergling x18  
  194  9:08  Zergling x8  
  185  9:12  Zergling x8  
  165  9:17  Roach x2  
  165  9:21  Roach x4  
  158  9:29  Roach x6  
  159  9:33  Roach  
  160  9:40  Roach x6  
  160  9:43  Baneling x7  
  160  9:45  Baneling, Ravager  
  169  9:46  Baneling x2  
  166  9:53  Baneling x7  
  166  9:54  Roach, Zergling x2  
  166  9:58  Zergling x12  
Tags
 
Add a new tag
Caveats
  • Supply blocks, unpowered buildings, or Contaminate may cause inaccurate times.
  • Supply counts are checked every 10 seconds.